 Dungeon Crawl Stone Soup version 0.21.1-1-g345015fe64 (webtiles) character file.

1218 Ryomija the Cleaver (level 8, -1/64 HPs)
             Began as a Minotaur Fighter on May 15, 2018.
             Was an Initiate of Okawaru.
             Succumbed to ImError's ghost's poison
             ... on level 6 of the Dungeon.
             The game lasted 00:11:57 (4896 turns).

Ryomija the Cleaver (Minotaur Fighter)              Turns: 4896, Time: 00:11:58

Health: -1/64      AC:  8    Str: 23    XL:     8   Next: 22%
Magic:  7/7        EV:  7    Int:  5    God:    Okawaru [......]
Gold:   225        SH: 10    Dex: 15    Spells: 7/7 levels left

rFire    . . .     SeeInvis .   a - +0 war axe
rCold    . . .     Gourm    .   c - +0 shield
rNeg     . . .     Faith    .   b - +0 scale mail
rPois    .         Spirit   .   (helmet restricted)
rElec    .         Reflect  .   j - +0 cloak
rCorr    .         Harm     .   (no gloves)
MR       +....                  (no boots)
Stlth    ..........             (no amulet)
HPRegen  0.20/turn              g - +5 ring of dexterity
MPRegen  0.10/turn              s - ring of protection from magic

@: lethally poisoned (-1 -> -40)
A: retaliatory headbutt, horns 2
a: Renounce Religion


You were on level 6 of the Dungeon.
You worshipped Okawaru.
Okawaru was noncommittal.
You were not hungry.

You visited 1 branch of the dungeon, and saw 6 of its levels.

You collected 225 gold pieces.

Inventory:

Hand Weapons
 a - a +0 war axe (weapon)
 A - the +6 falchion of Zakhicen {freeze, Int+4}
   (You found it on level 4 of the Dungeon)

   It has been specially enchanted to freeze those struck by it, causing extra
   injury to most foes and up to half again as much damage against particularly
   susceptible opponents.
   It can also slow down cold-blooded creatures.
   It affects your intelligence (+4).
 D - a +2 dagger of flaming
Armour
 b - a +0 scale mail (worn)
 c - a +0 shield (worn)
 j - a +0 cloak (worn)
 t - a +3 leather armour
Jewellery
 g - a +5 ring of dexterity (left hand)
 p - a +3 ring of intelligence
 s - a ring of protection from magic (right hand)
 G - an uncursed ring of fire {unknown}
Wands
 r - a wand of digging (10)
 w - a wand of random effects (16)
 x - a wand of disintegration (8)
Scrolls
 e - 4 scrolls of identify {unknown}
 i - 2 scrolls of teleportation {unknown}
 m - 2 scrolls of enchant armour {unknown}
 n - 5 scrolls of remove curse
 o - a scroll of noise {unknown}
 u - a scroll of fog {unknown}
 v - 2 scrolls of magic mapping {unknown}
 y - a scroll of amnesia {unknown}
 B - a scroll of blinking {unknown}
Potions
 d - 2 potions of might
 h - 2 potions of heal wounds {unknown}
 k - a potion of haste {unknown}
 l - a potion of flight {unknown}
 q - a potion of magic {unknown}
 C - a potion of mutation {unknown}
 F - a potion of berserk rage {unknown}
Books
 z - a book of Cantrips

   Spells                             Type                      Level
   a - Confusing Touch                Hexes                        1
   b - Animate Skeleton               Necromancy                   1
   c - Summon Small Mammal            Summoning                    1
   d - Apportation                    Translocation                1
Comestibles
 f - 5 rations
 E - 2 chunks of flesh


   Skills:
 - Level 3.6 Fighting
 + Level 11.8 Axes
 - Level 3.6 Armour
 - Level 3.6 Shields


You had 7 spell levels left.
You didn't know any spells.

Dungeon Overview and Level Annotations

Branches:
Dungeon (6/15)
 Temple: D:4-7

Altars:
Ashenzari
Dithmenos
Elyvilon
Fedhas
Hepliaklqana
Makhleb
Nemelex Xobeh
Okawaru
Sif Muna
Trog
Vehumet
Yredelemnul
Zin

Shops:
D:5 [

Annotations:
D:6 ImError's ghost, novice HaHu


Innate Abilities, Weirdness & Mutations

You reflexively headbutt those who attack you in melee.
You have a pair of horns on your head.


Message History

* * * LOW HITPOINT WARNING * * *
You are more poisoned.
You slash ImError's ghost!
ImError's ghost is almost destroyed.
* * * LOW HITPOINT WARNING * * *
You feel very sick. You block ImError's ghost's attack.
You hit ImError's ghost but do no damage.
ImError's ghost is almost destroyed.
* * * LOW HITPOINT WARNING * * *
You feel very sick. You block ImError's ghost's attack.
You barely miss ImError's ghost.
ImError's ghost is almost destroyed.
* * * LOW HITPOINT WARNING * * *
You feel very sick.
ImError's ghost hits you but does no damage.
You miss ImError's ghost. You headbutt ImError's ghost.
ImError's ghost is almost destroyed.
You die...

..................
......>............
....................
.....................
.......)<............
........))...........
........†.)..........
.....................
...........@.........
............W........
.............<.......
.....................
....................
...................
..................
.................
................


You could see ImError's ghost.

Vanquished Creatures
  An ogre (D:4)
  A centaur (D:5)
  Blork the orc (D:5)
  A bullfrog (D:4)
  2 scorpions (D:4)
  A crimson imp (D:5)
  4 orc priests
  A hound (D:4)
  4 orc wizards
  A gnoll shaman (D:5)
  3 worker ants
  5 iguanas
  14 gnolls
  6 adders
  An ooze (D:3)
  2 dart slugs
  4 worms
  6 leopard geckos
  10 orcs
  A ball python (D:3)
  3 giant cockroaches
  5 goblins
  7 hobgoblins
  6 jackals
  10 kobolds
  4 quokkas
  3 bats
  4 frilled lizards
  8 rats
  A spectral orc (D:2)
120 creatures vanquished.

Vanquished Creatures (others)
  A rat (D:3)
1 creature vanquished.

Grand Total: 121 creatures vanquished

Notes
Turn   | Place    | Note
-------+----------+-------------------------------------------
     0 | D:1      | Ryomija the Minotaur Fighter began the quest for the Orb.
     0 | D:1      | Reached XP level 1. HP: 19/19 MP: 0/0
   157 | D:1      | Reached skill level 3 in Axes
   162 | D:1      | Reached XP level 2. HP: 16/26 MP: 1/1
   797 | D:2      | You fall through a shaft for 2 floors!
   822 | D:3      | Reached skill level 4 in Axes
   861 | D:2      | Reached XP level 3. HP: 29/31 MP: 2/2
   868 | D:2      | Found a blossoming altar of Fedhas.
   914 | D:2      | Found a burning altar of Makhleb.
   917 | D:2      | Reached skill level 5 in Axes
   930 | D:2      | Reached XP level 4. HP: 14/39 MP: 3/3
  1355 | D:2      | Found a hazy altar of Hepliaklqana.
  1420 | D:2      | Reached skill level 6 in Axes
  1453 | D:2      | Found a shattered altar of Ashenzari.
  1689 | D:2      | Found a basalt altar of Yredelemnul.
  1868 | D:3      | Reached XP level 5. HP: 42/45 MP: 4/4
  2136 | D:3      | Found a radiant altar of Vehumet.
  2377 | D:3      | Found a bloodstained altar of Trog.
  2541 | D:4      | Reached skill level 7 in Axes
  2725 | D:4      | Reached XP level 6. HP: 37/51 MP: 5/5
  2727 | D:4      | Reached skill level 8 in Axes
  2840 | D:4      | Found a deep blue altar of Sif Muna.
  2975 | D:4      | Reached skill level 9 in Axes
  2975 | D:4      | Reached XP level 7. HP: 36/57 MP: 6/6
  3266 | D:4      | Got an iridescent falchion
  3267 | D:4      | Identified the +6 falchion of Zakhicen {freeze, Int+4} (You found it on level 4 of the Dungeon)
  3281 | D:4      | Reached skill level 10 in Axes
  3419 | D:5      | Entered Level 5 of the Dungeon
  3745 | D:5      | Noticed Blork the orc
  3755 | D:5      | Killed Blork the orc
  3766 | D:5      | Reached skill level 11 in Axes
  4004 | D:5      | Found an iron altar of Okawaru.
  4004 | D:5      | Found a glowing silver altar of Zin.
  4004 | D:5      | Found a white marble altar of Elyvilon.
  4004 | D:5      | Found a shadowy altar of Dithmenos.
  4009 | D:5      | Became a worshipper of Warmaster Okawaru
  4048 | D:5      | Reached XP level 8. HP: 50/64 MP: 7/7
  4070 | D:5      | Found Radurr's Armour Boutique.
  4191 | D:5      | Found a sparkling altar of Nemelex Xobeh.
  4876 | D:6      | Noticed ImError's ghost (novice HaHu)
  4895 | D:6      | HP: 2/64 [poisoned by ImError's ghost]
  4896 | D:6      | Succumbed to ImError's ghost's poison

Skill      XL: |  1  2  3  4  5  6  7 |
---------------+----------------------+-----
Axes           | 3 4 5 6 7 9 11 | 11.8
Fighting       | |  3.6
Armour         | |  3.6
Shields        | |  3.6

Action                   |  1- 3 |  4- 6 |  7- 9 || total
-------------------------+-------+-------+-------++-------
Melee: War axe           |    89 |   122 |   114 ||   325
       Headbutt          |    12 |    18 |    17 ||    47
       Falchion          |       |       |     1 ||     1
  Use: Scroll            |       |     1 |       ||     1
  Eat: Chunk             |       |     7 |     6 ||    13
Armor: Scale mail        |    37 |    31 |    28 ||    96
Dodge: Dodged            |    23 |    22 |    26 ||    71
Block: Shield            |    42 |    44 |    50 ||   136
